PAA
AKRON BLIMPS @ FT. POLK SOUTH THUNDER HAWKS
05/12/2042
 
TOP OF THE 1ST
Akron Blimps batting - Pitching for Ft. Polk South Thunder Hawks : LHP Lucas van Halteren
Pitching: LHP Lucas van Halteren
Batting: RHB Jeff Camp 0-0: Foul Ball, location: 2F
0-1: Foul Ball, location: 2F
0-2: Reached on error, E5 (Groundball, 5S, EV 83.8 MPH)
Batting: RHB Alohinani Puanani 0-0: Ball
1-0: Ball
2-0: Ball
3-0: Called Strike
3-1: Base on Balls
Batting: LHB Numberto Pencíl 0-0: Swinging Strike
0-1: Fly out, F7 (Line Drive, 7D, EV 85.0 MPH)
Batting: RHB Dave Hill 0-0: Ball
1-0: Called Strike
1-1: Swinging Strike
1-2: Ball
2-2: Ball
3-2: Base on Balls
Jeff Camp to third
Alohinani Puanani to second
Batting: LHB Octávio Obezo 0-0: Foul Ball, location: 2F
0-1: Ball
1-1: Fly out, F7 (Flyball, 78S, EV 88.1 MPH)
Runner from 3rd tags up, SCORES, throw by LF
Alohinani Puanani to third
Batting: RHB Hun-hyeon Kang 0-0: Ball
1-0: Ball
2-0: Swinging Strike
2-1: Called Strike
2-2: Foul Ball, location: 2F
2-2: Foul Ball, location: 2F
2-2: SINGLE (Groundball, 6MD, EV 103.8 MPH)
Alohinani Puanani scores
Dave Hill to second
Batting: SHB Salvador Berrocal 0-0: Ball
1-0: Foul Ball, location: 2F
1-1: Called Strike
1-2: DOUBLE (Flyball, 8RXD, EV 102.5 MPH)
Dave Hill scores
Hun-hyeon Kang to third
Runner from 3rd tries for Home, SAFE, throw by CF to home
Batting: LHB Fernando Negrete 0-0: Foul Ball, location: 2F
0-1: Foul Ball, location: 2F
0-2: Ball
1-2: Foul Ball, location: 2F
1-2: Ground out U3 (Groundball, 34, EV 95.6 MPH)
Top of the 1st over - 4 runs, 2 hits, 1 error, 1 left on base; Akron 4 - Ft. Polk South 0
BOTTOM OF THE 1ST
Ft. Polk South Thunder Hawks batting - Pitching for Akron Blimps : RHP Rob Butler
Pitching: RHP Rob Butler
Batting: LHB Gabriel Obregón 0-0: Called Strike
0-1: Ball
1-1: Called Strike
1-2: Ball
2-2: Strikes out swinging
Batting: LHB Remco Mastenbroek 0-0: Ball
1-0: Ball
2-0: Foul Ball, location: 2F
2-1: Swinging Strike
2-2: Ball
3-2: SINGLE (Line Drive, 34, EV 96.2 MPH)
Batting: LHB Jorge Agramunt 0-0: Called Strike
0-1: Called Strike
0-2: Ball
1-2: Foul Ball, location: 2F
1-2: Foul Ball, location: 2F
1-2: Foul Ball, location: 2F
1-2: Ball
2-2: Ball
3-2: Base on Balls
Remco Mastenbroek to second
Batting: RHB Aubrey Miller 0-0: Foul Ball, location: 2F
0-1: Ball
1-1: Foul Ball, location: 2F
1-2: Foul Ball, location: 2F
1-2: SINGLE (Groundball, 4D, EV 105.0 MPH)
Remco Mastenbroek to third
Jorge Agramunt to second
Runner from 3rd tries for Home, SAFE, no throw by RF
Batting: LHB Tim Carson 0-0: Foul Ball, location: 2F
0-1: Called Strike
0-2: Ball
1-2: Foul Ball, location: 2F
1-2: Foul Ball, location: 2F
1-2: Foul Ball, location: 2F
1-2: Fielders Choice at 2nd, 3-6 (Groundball, 3, EV 77.5 MPH)
Jorge Agramunt to third
Batting: SHB Francisco Daulong 0-0: Swinging Strike
0-1: Ball
1-1: Ball
2-1: Ground out 1-3 (Groundball, 13S, EV 63.8 MPH)
Bottom of the 1st over - 1 run, 2 hits, 0 errors, 2 left on base; Akron 4 - Ft. Polk South 1
TOP OF THE 2ND
Akron Blimps batting - Pitching for Ft. Polk South Thunder Hawks : LHP Lucas van Halteren
Batting: RHB León Galiano 0-0: Ground out 5-3 (Groundball, 5, EV 81.9 MPH)
Batting: RHB Jeff Camp 0-0: Ball
1-0: Foul Ball, location: 2F
1-1: Ball
2-1: Ball
3-1: Base on Balls
Batting: RHB Alohinani Puanani 0-0: Ball
1-0: Fly out, F7 (Flyball, 7S, EV 89.4 MPH)
Batting: LHB Numberto Pencíl 0-0: Ball
1-0: Ball
2-0: Called Strike
2-1: Ball
3-1: Fly out, F8 (Line Drive, 8LD, EV 88.8 MPH)
Top of the 2nd over - 0 runs, 0 hits, 0 errors, 1 left on base; Akron 4 - Ft. Polk South 1
BOTTOM OF THE 2ND
Ft. Polk South Thunder Hawks batting - Pitching for Akron Blimps : RHP Rob Butler
Batting: RHB Tora Tora 0-0: Called Strike
0-1: Called Strike
0-2: Ground out 1-3 (Groundball, 34S, EV 73.1 MPH)
Batting: RHB Dermott Mann 0-0: Swinging Strike
0-1: Ball
1-1: Foul Ball, location: 2F
1-2: Ball
2-2: Ground out 6-3 (Groundball, 6S, EV 88.1 MPH)
Batting: RHB Jasper Humphrey 0-0: Called Strike
0-1: Swinging Strike
0-2: Ground out 5-3 (Groundball, 5L, EV 81.9 MPH)
Bottom of the 2nd over - 0 runs, 0 hits, 0 errors, 0 left on base; Akron 4 - Ft. Polk South 1
TOP OF THE 3RD
Akron Blimps batting - Pitching for Ft. Polk South Thunder Hawks : LHP Lucas van Halteren
Batting: RHB Dave Hill 0-0: SINGLE (Groundball, 6MD, EV 96.9 MPH)
Batting: LHB Octávio Obezo 0-0: Ball
1-0: Foul Ball, location: 2F
1-1: Called Strike
1-2: Strikes out looking
Batting: RHB Hun-hyeon Kang 0-0: Fly out, F9 (Flyball, 9, EV 88.1 MPH)
Batting: SHB Salvador Berrocal 0-0: Ball
1-0: Fly out, F6 (Popup, 6, EV 58.1 MPH)
Top of the 3rd over - 0 runs, 1 hit, 0 errors, 1 left on base; Akron 4 - Ft. Polk South 1
BOTTOM OF THE 3RD
Ft. Polk South Thunder Hawks batting - Pitching for Akron Blimps : RHP Rob Butler
Batting: LHB Gabriel Obregón 0-0: Called Strike
0-1: Called Strike
0-2: Ground out 6-3 (Groundball, 6, EV 108.1 MPH)
Batting: LHB Remco Mastenbroek 0-0: Ball
1-0: Ball
2-0: Swinging Strike
2-1: Ball
3-1: Called Strike
3-2: SINGLE (Groundball, 4MS, EV 63.1 MPH) (infield hit)
Batting: LHB Jorge Agramunt 0-0: Ball
1-0: Grounds into double play, 4-6-3 (Groundball, 4D, EV 101.9 MPH)
Bottom of the 3rd over - 0 runs, 1 hit, 0 errors, 0 left on base; Akron 4 - Ft. Polk South 1
TOP OF THE 4TH
Akron Blimps batting - Pitching for Ft. Polk South Thunder Hawks : LHP Lucas van Halteren
Batting: LHB Fernando Negrete 0-0: Foul Ball, location: 2F
0-1: Ground out 1-3 (Groundball, 34S, EV 77.5 MPH)
Batting: RHB León Galiano 0-0: Ball
1-0: Called Strike
1-1: Foul Ball, location: 2F
1-2: Foul Ball, location: 2F
1-2: Strikes out swinging
Batting: RHB Jeff Camp 0-0: Ball
1-0: Called Strike
1-1: SINGLE (Flyball, 9S, EV 96.2 MPH)
Batting: RHB Alohinani Puanani 0-0: Ball
1-0: Fly out, F8 (Flyball, 8RD, EV 101.2 MPH)
Top of the 4th over - 0 runs, 1 hit, 0 errors, 1 left on base; Akron 4 - Ft. Polk South 1
BOTTOM OF THE 4TH
Ft. Polk South Thunder Hawks batting - Pitching for Akron Blimps : RHP Rob Butler
Batting: RHB Aubrey Miller 0-0: Called Strike
0-1: Called Strike
0-2: Foul Ball, location: 2F
0-2: Foul Ball, location: 2F
0-2: Strikes out looking
Batting: LHB Tim Carson 0-0: Foul Ball, location: 2F
0-1: Called Strike
0-2: Strikes out swinging
Batting: SHB Francisco Daulong 0-0: Ball
1-0: Called Strike
1-1: Foul Ball, location: 2F
1-2: Ball
2-2: Ball
3-2: Strikes out swinging
Bottom of the 4th over - 0 runs, 0 hits, 0 errors, 0 left on base; Akron 4 - Ft. Polk South 1
TOP OF THE 5TH
Akron Blimps batting - Pitching for Ft. Polk South Thunder Hawks : LHP Lucas van Halteren
Batting: LHB Numberto Pencíl 0-0: Swinging Strike
0-1: Ball
1-1: Foul Ball, location: 2F
1-2: Foul Ball, location: 2F
1-2: Ground out 1-3 (Groundball, 34S, EV 63.1 MPH)
Batting: RHB Dave Hill 0-0: Swinging Strike
0-1: Ball
1-1: Swinging Strike
1-2: Ball
2-2: Foul Ball, location: 2F
2-2: Ball
3-2: Foul Ball, location: 2F
3-2: Base on Balls
Pitching: RHP Scott Richardson
Batting: LHB Octávio Obezo 0-0: Swinging Strike
0-1: Foul Ball, location: 2F
0-2: Ball
1-2: Strikes out looking
Batting: RHB Hun-hyeon Kang 0-0: Swinging Strike
0-1: Swinging Strike
0-2: Strikes out swinging
Top of the 5th over - 0 runs, 0 hits, 0 errors, 1 left on base; Akron 4 - Ft. Polk South 1
BOTTOM OF THE 5TH
Ft. Polk South Thunder Hawks batting - Pitching for Akron Blimps : RHP Rob Butler
Batting: RHB Tora Tora 0-0: Ball
1-0: Ball
2-0: Ball
3-0: SINGLE (Groundball, 6D, EV 106.2 MPH)
Batting: RHB Dermott Mann 0-0: SINGLE (Line Drive, 89S, EV 88.1 MPH)
Tora Tora to second
Runner from 2nd tries for 3rd, SAFE, no throw by RF
Batting: RHB Jasper Humphrey 0-0: Foul Ball, location: 2F
0-1: Ball
1-1: Foul Ball, location: 2F
1-2: Foul Ball, location: 2F
1-2: Ground out 5-3 (Groundball, 56S, EV 73.8 MPH)
Tora Tora scores
Dermott Mann to second
Batting: LHB Gabriel Obregón 0-0: Ball
1-0: Foul Ball, location: 2F
1-1: Ball
2-1: Foul Ball, location: 2F
2-2: Ball
3-2: Ground out 5-3 (Groundball, 56, EV 95.6 MPH)
Batting: LHB Remco Mastenbroek 0-0: Called Strike
0-1: Ball
1-1: Swinging Strike
1-2: Ball
2-2: Ball
3-2: Fly out, F8 (Flyball, 78S, EV 91.2 MPH)
Bottom of the 5th over - 1 run, 2 hits, 0 errors, 1 left on base; Akron 4 - Ft. Polk South 2
TOP OF THE 6TH
Akron Blimps batting - Pitching for Ft. Polk South Thunder Hawks : RHP Scott Richardson
Batting: SHB Salvador Berrocal 0-0: Called Strike
0-1: Called Strike
0-2: Foul Ball, location: 2F
0-2: Fly out, F9 (Flyball, 9S, EV 95.6 MPH)
Batting: LHB Fernando Negrete 0-0: Called Strike
0-1: Foul Ball, location: 2F
0-2: Strikes out looking
Batting: RHB León Galiano 0-0: Ball
1-0: SINGLE (Groundball, 6MD, EV 106.2 MPH)
Batting: RHB Jeff Camp 0-0: Ball
1-0: Called Strike
León Galiano is caught stealing 2nd base 2-4
Top of the 6th over - 0 runs, 1 hit, 0 errors, 0 left on base; Akron 4 - Ft. Polk South 2
BOTTOM OF THE 6TH
Ft. Polk South Thunder Hawks batting - Pitching for Akron Blimps : RHP Rob Butler
Pitching: RHP Hyeon-uk Sa
Batting: LHB Jorge Agramunt 0-0: Ball
1-0: Ball
2-0: Ball
3-0: Called Strike
3-1: Foul Ball, location: 2F
3-2: Foul Ball, location: 2F
3-2: Foul Ball, location: 2F
3-2: SINGLE (Line Drive, 7LS, EV 100.0 MPH)
Batting: RHB Aubrey Miller 0-0: Fly out, F9 (Flyball, 9S, EV 80.0 MPH)
Batting: LHB Tim Carson 0-0: Ball
1-0: Ball
2-0: Called Strike
2-1: Called Strike
2-2: Foul Ball, location: 2F
2-2: Strikes out swinging
Batting: SHB Francisco Daulong 0-0: Foul Ball, location: 2F
0-1: Ball
1-1: Ball
2-1: Ball
3-1: Swinging Strike
3-2: Base on Balls
Jorge Agramunt to second
Batting: RHB Tora Tora 0-0: Foul Ball, location: 2F
0-1: Fielders Choice at 2nd, 5-4 (Groundball, 56, EV 81.2 MPH)
Bottom of the 6th over - 0 runs, 1 hit, 0 errors, 2 left on base; Akron 4 - Ft. Polk South 2
TOP OF THE 7TH
Akron Blimps batting - Pitching for Ft. Polk South Thunder Hawks : RHP Scott Richardson
Batting: RHB Jeff Camp 0-0: Called Strike
0-1: Fly out, F9 (Flyball, 9LM, EV 78.1 MPH)
Batting: RHB Alohinani Puanani 0-0: Foul Ball, location: 2F
0-1: Swinging Strike
0-2: Foul Ball, location: 2F
0-2: Strikes out swinging
Batting: LHB Numberto Pencíl 0-0: Swinging Strike
0-1: Foul Ball, location: 2F
0-2: Foul Ball, location: 2F
0-2: Foul Ball, location: 2F
0-2: Strikes out swinging
Top of the 7th over - 0 runs, 0 hits, 0 errors, 0 left on base; Akron 4 - Ft. Polk South 2
BOTTOM OF THE 7TH
Ft. Polk South Thunder Hawks batting - Pitching for Akron Blimps : RHP Hyeon-uk Sa
Batting: RHB Dermott Mann 0-0: Ball
1-0: Ball
2-0: Ball
3-0: Called Strike
3-1: Foul Ball, location: 2F
3-2: Foul Ball, location: 2F
3-2: Fly out, F9 (Flyball, 89M, EV 87.5 MPH)
Pitching: LHP Ramón Sánchez
Batting: RHB Jasper Humphrey 0-0: Ball
1-0: Called Strike
1-1: Fly out, F9 (Flyball, 9, EV 79.4 MPH)
Batting: LHB Gabriel Obregón 0-0: DOUBLE (Line Drive, 89D, EV 108.8 MPH)
Batting: LHB Remco Mastenbroek 0-0: Ball
1-0: Called Strike
1-1: Foul Ball, location: 2F
1-2: Strikes out swinging
Bottom of the 7th over - 0 runs, 1 hit, 0 errors, 1 left on base; Akron 4 - Ft. Polk South 2
TOP OF THE 8TH
Akron Blimps batting - Pitching for Ft. Polk South Thunder Hawks : RHP Scott Richardson
Batting: RHB Dave Hill 0-0: Called Strike
0-1: Ball
1-1: Fly out, F9 (Flyball, 9S, EV 91.9 MPH)
Batting: LHB Octávio Obezo 0-0: Called Strike
0-1: Ball
1-1: Ball
2-1: Swinging Strike
2-2: Strikes out swinging
Batting: RHB Hun-hyeon Kang 0-0: Foul Ball, location: 2F
0-1: Foul Ball, location: 2F
0-2: SINGLE (Flyball, 9S, EV 94.4 MPH)
Batting: SHB Salvador Berrocal 0-0: Swinging Strike
0-1: Foul Ball, location: 2F
0-2: Ball
1-2: Ball
2-2: Strikes out swinging
Top of the 8th over - 0 runs, 1 hit, 0 errors, 1 left on base; Akron 4 - Ft. Polk South 2
BOTTOM OF THE 8TH
Ft. Polk South Thunder Hawks batting - Pitching for Akron Blimps : LHP Ramón Sánchez
Batting: LHB Jorge Agramunt 0-0: Swinging Strike
0-1: Ball
1-1: Ball
2-1: Foul Ball, location: 2F
2-2: Ground out 6-3 (Groundball, 6, EV 104.4 MPH)
Batting: RHB Aubrey Miller 0-0: Ground out 5-3 (Groundball, 56S, EV 88.8 MPH)
Batting: LHB Tim Carson 0-0: Swinging Strike
0-1: Swinging Strike
0-2: Strikes out swinging
Bottom of the 8th over - 0 runs, 0 hits, 0 errors, 0 left on base; Akron 4 - Ft. Polk South 2
TOP OF THE 9TH
Akron Blimps batting - Pitching for Ft. Polk South Thunder Hawks : RHP Scott Richardson
Batting: LHB Fernando Negrete 0-0: Called Strike
0-1: Foul Ball, location: 2F
0-2: Ball
1-2: Fly out, F8 (Flyball, 89D, EV 103.8 MPH)
Batting: RHB León Galiano 0-0: Ball
1-0: Ball
2-0: Fly out, F7 (Line Drive, 7, EV 107.5 MPH)
Pitching: RHP Mark Brunswick
Batting: RHB Jeff Camp 0-0: Ball
1-0: Swinging Strike
1-1: Ball
2-1: Ball
3-1: Foul Ball, location: 2F
3-2: SINGLE (Flyball, 9S, EV 85.6 MPH)
Batting: RHB Alohinani Puanani 0-0: Ball
1-0: Called Strike
Jeff Camp steals 2nd base (no throw)
1-1: Foul Ball, location: 2F
1-2: Fly out, F8 (Flyball, 8RS, EV 91.2 MPH)
Top of the 9th over - 0 runs, 1 hit, 0 errors, 1 left on base; Akron 4 - Ft. Polk South 2
BOTTOM OF THE 9TH
Ft. Polk South Thunder Hawks batting - Pitching for Akron Blimps : LHP Ramón Sánchez
Pitching: RHP Gypsyamber D'Souza
Batting: SHB Francisco Daulong 0-0: Ball
1-0: Fly out, F9 (Flyball, 9D, EV 89.4 MPH)
Batting: RHB Tora Tora 0-0: Fly out, F9 (Flyball, 9D, EV 101.9 MPH)
Batting: RHB Dermott Mann 0-0: Swinging Strike
0-1: Foul Ball, location: 2F
0-2: Strikes out swinging
Bottom of the 9th over - 0 runs, 0 hits, 0 errors, 0 left on base; Akron 4 - Ft. Polk South 2
Friday, March 26th, 2021 - OOTP Baseball 20.8 Build 74